 Dungeon Crawl Stone Soup version 0.26-a0-710-g95a0c6c400 (webtiles) character file.

Game seed: 4577876751522714423

151 jiml777 the Magician (level 5, 0/28 HPs)
             Began as a Deep Elf Air Elementalist on Oct 30, 2020.
             Slain by Natasha (8 damage)
             ... on level 2 of the Dungeon.
             The game lasted 00:20:25 (2241 turns).

jiml777 the Magician (Deep Elf Air Elementalist)    Turns: 2241, Time: 00:20:26

Health: 0/28       AC:  2    Str:  3    XL:     5   Next: 11%
Magic:  12/14      EV: 14    Int: 21    God:
Gold:   87         SH:  0    Dex: 15    Spells: 11/12 levels left

rFire    . . .     SeeInvis .   h - +0 short sword
rCold    . . .     Faith    .   (no shield)
rNeg     . . .     Spirit   .   a - +0 robe
rPois    .         Reflect  .   (no helmet)
rElec    .         Harm     .   (no cloak)
rCorr    .         Rampage  .   (no gloves)
MR       .....                  (no boots)
Stlth    ++........             (no amulet)
HPRegen  0.09/turn              (no ring)
MPRegen  0.14/turn              (no ring)

@: slowed, very slow
A: high mp 1, screaming 1, weak 1
a: no special abilities


You were on level 2 of the Dungeon.
You visited 1 branch of the dungeon, and saw 2 of its levels.

You collected 87 gold pieces.

Inventory:

Hand Weapons
 h - a +0 short sword (weapon)
Missiles
 e - 53 sling bullets
Armour
 a - a +0 robe (worn)
Scrolls
 c - a scroll of noise {unknown}
 d - 2 scrolls of identify {unknown}
 g - 4 scrolls of remove curse {unknown}
Potions
 b - a potion of stabbing {unknown}
 f - a potion of curing


   Skills:
 + Level 0.2 Fighting
 + Level 0.3 Short Blades
 + Level 3.4 Dodging
 + Level 3.3 Stealth
 + Level 4.3 Spellcasting
 + Level 2.2 Conjurations
 + Level 3.9 Air Magic


You had 11 spell levels left.
You knew the following spells:

 Your Spells              Type           Power        Failure   Level
a - Shock                 Conj/Air       ###.         3%          1

Your spell library contained the following spells:

 Spells                   Type           Power        Failure   Level
 Swiftness                Air            ###.....     3%          2
 Static Discharge         Conj/Air       ###.....     10%         3
 Airstrike                Air            ###.......   22%         4
 Lightning Bolt           Conj/Air       ###.......   65%         5


Dungeon Overview and Level Annotations

Branches:
Dungeon (2/15)

Altars:

Annotations:
D:2 Natasha


Innate Abilities, Weirdness & Mutations

You have an increased reservoir of magic. (+10% MP)
You occasionally shout uncontrollably at your foes.
You are weak. (Str -2)


Message History

Press: ? - help, Shift-Dir - straight line The zap hits Natasha.
Natasha is moderately wounded.
The zap hits Natasha.
Natasha is severely wounded.
The zap hits the shadow imp.
The shadow imp is moderately wounded.
Natasha claws you.
Casting: Shock (safe; 3% risk of failure)
Confirm with . or Enter, or press ? or * to list all spells.
Aiming: Shock (safe; 3% risk of failure)
Press: ? - help, Shift-Dir - straight line The zap hits Natasha.
Natasha is almost dead.
The zap misses Natasha.
The zap hits the shadow imp.
The shadow imp is heavily wounded.
Natasha claws you.
* * * LOW HITPOINT WARNING * * *
Natasha claws you!
You die...

#### ############# ...##
#########............
....#########....................
..............#######.>..........
......)......>5h.####......[.....
.....###########@............)...
.....# ########†#####..##..
.....# ##........######)###.
....#########....................
.................................
.....####..................####..
.....# #...........(..###.......
.....# #.............## ###.##..
?.....# #####....#...#######.#...


You could see Natasha and a shadow imp (summoned).

Vanquished Creatures
  Jessica (D:2)
  Robin (D:2)
  2 gnolls (D:2)
  4 adders (D:2)
  An ooze (D:1)
  2 dart slugs
  A leopard gecko (D:2)
  A giant cockroach (D:1)
  16 goblins
  10 hobgoblins
  A quokka (D:2)
  A ball python (D:1)
  5 bats (D:1)
  A frilled lizard (D:1)
  A kobold (D:1)
  5 rats
53 creatures vanquished.

Notes
Turn   | Place    | Note
-------+----------+-------------------------------------------
     0 | D:1      | jiml777 the Deep Elf Air Elementalist began the quest for
                  | the Orb.
     0 | D:1      | Reached XP level 1. HP: 10/10 MP: 6/6
   338 | D:1      | Reached XP level 2. HP: 15/15 MP: 4/8
   552 | D:1      | Upgraded the game from 0.26-a0-708-g17f3b190f9 to
                  | 0.26-a0-710-g95a0c6c400
   929 | D:1      | Reached XP level 3. HP: 19/19 MP: 8/10
  1350 | D:2      | Noticed Robin
  1364 | D:2      | Gained mutation: You are weak. (Str -2) [potion of
                  | mutation]
  1364 | D:2      | Gained mutation: You occasionally shout uncontrollably at
                  | your foes. [potion of mutation]
  1364 | D:2      | Gained mutation: You have an increased reservoir of magic.
                  | (+10% MP) [potion of mutation]
  1372 | D:2      | Killed Robin
  1372 | D:2      | Reached XP level 4. HP: 24/24 MP: 1/12
  1396 | D:2      | Reached skill level 4 in Spellcasting
  1883 | D:2      | Noticed Jessica
  1892 | D:2      | Killed Jessica
  2153 | D:2      | Reached XP level 5. HP: 28/28 MP: 10/14
  2221 | D:2      | Noticed Natasha
  2241 | D:2      | Slain by Natasha

Illustrated notes

Levels and vault maps discovered:
D:1:      saegor_arrival_under_anarchy, layout_loops_ring
D:2:      layout_rooms, serial_park_tiny_1, hangedman_decor_push, uniq_robin,
          uniq_natasha, uniq_jessica

Skill      XL: |  1  2  3  4 |
---------------+-------------+-----
Dodging        | 3 |  3.4
Conjurations   | 2 |  2.2
Spellcasting   | 4 |  4.3
Stealth        | 3 |  3.3
Fighting       | |  0.2
Short Blades   | |  0.3
Air Magic      | |  3.9

Action                   |  1- 3 |  4- 6 || total
-------------------------+-------+-------++-------
Melee: Unarmed           |     4 |       ||     4
       Short sword       |     4 |    24 ||    28
 Cast: Shock             |    71 |    24 ||    95
  Use: Potion            |     5 |       ||     5
 Stab: Invisible         |     2 |     4 ||     6
Armor: Robe              |     6 |     1 ||     7
       Skin              |    17 |    64 ||    81
Dodge: Dodged            |    37 |    19 ||    56

Table legend: (Time is in decaauts)
 A = Elapsed time spent in this place.
 B = Non-inter-level travel time spent in this place.
 C = Inter-level travel time spent in this place.
 D = Time resting spent in this place.
 E = Time spent auto-exploring this place.
 F = Levels seen in this place.
 G = Mean time per level.
                   A        B        C        D        E       F      G
               +--------+--------+--------+--------+--------+-----+--------+
         Total |   2264 |   2219 |     45 |    907 |    750 |   2 | 1132.0 |
       Dungeon |   2264 |   2219 |     45 |    907 |    750 |   2 | 1132.0 |
               +--------+--------+--------+--------+--------+-----+--------+

Top non-repeatable levels by time:
     D:1: 1147 daAuts
     D:2: 1117 daAuts
